[Event "Live Chess"]
[Site "Chess.com"]
[Date "2023.05.21"]
[Round "-"]
[White "ExIsambard"]
[Black "yeetpizza74"]
[Result "1-0"]
[WhiteElo "1907"]
[BlackElo "465"]
[TimeControl "300"]
[EndTime "1:50:02 PDT"]
[Termination "ExIsambard won by checkmate"]

1. d4 e5 2. dxe5 Nc6 3. Nf3 Qe7 4. e6 Qxe6 5. Nc3 Bb4 6. Bd2 Bxc3 7. Bxc3 f6 8. e3 d5 9. Bb5 Ne7 10. Nd4 O-O 11. Nxe6 Bxe6 12. O-O a6 13. Bd3 Ne5 14. Bxe5 fxe5 15. e4 dxe4 16. Bxe4 Bf5 17. Bxb7 Rad8 18. Qe2 Bxc2 19. Qxc2 Nf5 20. Qb3+ Rf7 21. Bd5 Rd7 22. Bxf7+ Rxf7 23. Rad1 h6 24. Rd8+ Kh7 25. Qxf7 Nd6 26.
Qg8+ Kg6 27. f4 e4 28. g4 c5 29. Rxd6# 1-0

[Event "Live Chess"]
[Site "Chess.com"]
[Date "2023.05.21"]
[Round "-"]
[White "BillythekidFellowes"]
[Black "Delacorta"]
[Result "1-0"]
[WhiteElo "2061"]
[BlackElo "1414"]
[TimeControl "300"]
[EndTime "1:50:03 PDT"]
[Termination "BillythekidFellowes won by resignation"]

1. e4 e6 2. Nf3 d5 3. exd5 exd5 4. d4 Nf6 5. Nc3 c6 6. Bd3 Bg4 7. O-O Be7 8. h3 Bxf3 9. Qxf3 O-O 10. Bg5 Kh8 11.
Bxf6 Bxf6 12. Ne2 Nd7 13. c3 Re8 14. Ng3 g6 15. Rfe1 Qb6 16. b3 Qc7 17. Rac1 Kg7 18.
Qg4 a5 19. Nh5+ Kh8 20. Nxf6 Nxf6 21. Qh4 a4 22. Qxf6+ 1-0

[Event "Live Chess"]
[Site "Chess.com"]
[Date "2023.05.21"]
[Round "-"]
[White "mliszewski"]
[Black "Ocelot32"]
[Result "0-1"]
[WhiteElo "1839"]
[BlackElo "1387"]
[TimeControl "300"]
[EndTime "1:50:04 PDT"]
[Termination "Ocelot32 won by resignation"]

1. d4 Nf6 2. Bg5 d5 3. Bxf6 exf6 4. e3 Bd6 5. c4 c6 6. cxd5 cxd5 7. Nc3 Be6 8. g3 O-O 9. Bg2 Nc6 10. Nxd5 Qa5+ 11. Nc3 Bb4 12. Rc1 Bxa2 13. Ne2 Bc4 14. O-O Bxc3 15.
Rxc3 Bd5 16. e4 Ba2 17. Ra3 Qb4 18. Rxa2 Rfe8 19. d5 Ne5 20. Nc3 Rac8 21. Ra4 Qb6 22. Qd4 Qxb2 23. Rxa7 Rxc3 24. Rxb7 Qc2 25. Qa7 Rf8 26.
Rfb1 Ng4 27. R7b2 Qd3 28. h3 Ne5 29. Qe7 Rc2 30. Rb8 Ng6 31. Rxf8+ Nxf8 32. Rb8 h5 33.
Qxf8+ Kh7 34. Qxf7 Rc1+ 35. Kh2 Qd1 36. Qxh5+ Qxh5 37. g4 Qe5+ 38. f4 Qxb8 0-1

[Event "Live Chess"]
[Site "Chess.com"]
[Date "2023.05.21"]
[Round "-"]
[White "JoeRoot66"]
[Black "SupremeTactician"]
[Result "0-1"]
[WhiteElo "1917"]
[BlackElo "2288"]
[TimeControl "300"]
[EndTime "1:50:21 PDT"]
[Termination "SupremeTactician won by resignation"]

1. e4 e5 2. Nc3 Nc6 3. Bc4 Bc5 4.
Qg4 Qf6 5. Nd5 Qxf2+ 6. Kd1 Kf8 7. Nh3 h5 8. Qg5 f6 9. Qg6 Rh6 10. Nxf2 Rxg6 11. Nd3 Bb6 12. a4 d6 13. b4 Bg4+ 14.
Ke1 a5 15. Nxb6 cxb6 16. b5 Nd4 17. Ra2 Ne7 18. c3 Rc8 19. cxd4 Rxc4 20. dxe5 Rxe4+ 0-1

[Event "Live Chess"]
[Site "Chess.com"]
[Date "2023.05.21"]
[Round "-"]
[White "rasrae1364"]
[Black "Woodpusher500"]
[Result "1-0"]
[WhiteElo "1739"]
[BlackElo "1042"]
[TimeControl "300"]
[EndTime "1:50:44 PDT"]
[Termination "rasrae1364 won by checkmate"]

1. e4 e5 2. c3 Nf6 3. Nf3 Nc6 4. d4 exd4 5. e5 Ng4 6. cxd4 d6 7. h3 Nh6 8. Bxh6 gxh6 9. Bb5 Bd7 10. O-O dxe5 11.
Nc3 exd4 12. Re1+ Be7 13. Nd5 a6 14. Bxc6 bxc6 15. Qxd4 cxd5 16. Qxh8# 1-0

[Event "Live Chess"]
[Site "Chess.com"]
[Date "2023.05.21"]
[Round "-"]
[White "Larchikov"]
[Black "quantum_void"]
[Result "1-0"]
[WhiteElo "2068"]
[BlackElo "1504"]
[TimeControl "300"]
[EndTime "1:51:51 PDT"]
[Termination "Larchikov won by resignation"]

1. Nf3 e6 2. d4 d5 3. c4 Nf6 4. Nc3 Bb4 5. Bg5 O-O 6. e3 h6 7.
Bxf6 Qxf6 8. cxd5 Bxc3+ 9. bxc3 exd5 10. Bd3 Re8 11. h3 Nd7 12. O-O c5 13. Bb5 c4 14.
Ne5 Qd6 15. Bxd7 Bxd7 16. Rb1 b6 17. Qh5 Re6 18. Qxf7+ Kh7 19. Qxd7 1-0

[Event "Live Chess"]
[Site "Chess.com"]
[Date "2023.05.21"]
[Round "-"]
[White "stevochess11"]
[Black "JohanKjeldahl"]
[Result "0-1"]
[WhiteElo "1734"]
[BlackElo "1908"]
[TimeControl "300"]
[EndTime "1:52:29 PDT"]
[Termination "JohanKjeldahl won by checkmate"]

1. d4 Nf6 2. Nf3 e6 3. e3 b6 4.
Bd3 Bb7 5. O-O d5 6. b3 Bd6 7.
Bb2 O-O 8. Nbd2 Nbd7 9. Ne5 c5 10. f4 Ne4 11. Ndf3 f6 12. Nxd7 Qxd7 13. c4 Rae8 14. Qc2 f5 15. dxc5 Bxc5 16. Ne5 Bxe3+ 17. Kh1 Qd8 18. Bxe4 dxe4 19. Qc3 Bc5 20. Nc6 Qc7 21.
Ne5 Rf6 22. Rad1 Rd8 23. Rxd8+ Qxd8 24. g4 e3+ 25. Kg1 e2+ 26. Rf2 Qd1+ 27. Qe1 Qxe1# 0-1

[Event "Live Chess"]
[Site "Chess.com"]
[Date "2023.05.21"]
[Round "-"]
[White "TheSmoulderingMaster"]
[Black "Ian-Morley"]
[Result "1/2-1/2"]
[WhiteElo "1685"]
[BlackElo "1077"]
[TimeControl "300"]
[EndTime "1:52:34 PDT"]
[Termination "Game drawn - insufficient material"]

1. e4 e5 2. Nf3 Nc6 3. Bb5 a6 4. Ba4 Nf6 5. O-O b5 6. Bb3 Bb7 7. d4 Nxe4 8. d5 Nc5 9. dxc6 Nxb3 10. cxb7 Nxa1 11. bxa8=Q Qxa8 12. Nxe5 Bd6 13. Re1 O-O 14. Nxd7 Rd8 15. Qg4 Nxc2 16. Nc3 Nxe1 17. Bh6 Qxg2+ 18. Qxg2 Nxg2 19. Kxg2 gxh6 20. Nf6+ Kg7 21. Ng4 b4 22. Ne4 Rb8 23. Ngf6 a5 24. Nd7 Re8 25. f3 a4 26.
Ndf6 Rxe4 27. Nxe4 Be5 28. Nc5 a3 29. bxa3 bxa3 30.
Nd3 Bb2 31. Kf2 Kf6 32. Ke3 c6 33. Ke4 Kg5 34. Nb4 c5 35. Nd5 c4 36. f4+ Kg4 37.
f5 c3 38. f6 c2 39. Ne3+ Kg5 40. Nxc2 Kxf6 41. Kf4 Kg6 42. Kg4 f5+ 43. Kf4 h5 44. h3 h6 45. Ne3 Be5+ 46. Kf3 f4 47. Nc4 Bb2 48. Kxf4 Bc1+ 49. Kf3 Kf5 50. Nd6+ Kg5 51. Nf7+ Kh4 52. Kg2 Bb2 53. Nd6 Kg5 54. Kf3 h4 55. Ne4+ Kf5 56. Nd6+ Ke5 57. Nf7+ Kf6 58. Nxh6 Ke5 59.
Kg4 Ke4 60. Kxh4 Kd3 61. Kg4 Kc2 62. Nf5 Kb1 63. Ne3 Kxa2 64. Nc2 Kb3 65. Nxa3 Kxa3 66.
h4 Bh8 67. h5 Kb4 68. Kg5 Kc5 69. Kg6 Kd6 70. h6 Ke7 71. Kh7 Be5 72. Kg8 Ke8 73. h7 Ke7 74. h8=Q Bxh8 1/2-1/2

[Event "Live Chess"]
[Site "Chess.com"]
[Date "2023.05.21"]
[Round "-"]
[White "chessfiction"]
[Black "Richardallis"]
[Result "1-0"]
[WhiteElo "2332"]
[BlackElo "1884"]
[TimeControl "300"]
[EndTime "1:52:43 PDT"]
[Termination "chessfiction won by resignation"]

1. e4 d5 2. d4 dxe4 3. f3 e5 4. Bc4 exd4 5. c3 c5 6. Qb3 Qf6 7. Ne2 Nc6 8. O-O e3 9. cxd4 cxd4 10. Na3 Bxa3 11. bxa3 Nge7 12. Bb2 O-O 13. Rad1 Nf5 14.
Bd3 Be6 15. Qxb7 Bd5 16. Qb5 Rad8 17. Bxf5 Qxf5 18. Nxd4 Nxd4 19. Bxd4 Qe6 20. Rfe1 Bc4 21. Qg5 f6 22. Qxe3 Qa6 23. Bxa7 Rxd1 24. Rxd1 Ra8 25.
Rd7 Bxa2 26. Qe7 1-0

[Event "Live Chess"]
[Site "Chess.com"]
[Date "2023.05.21"]
[Round "-"]
[White "Crowded_House"]
[Black "chekagain"]
[Result "1-0"]
[WhiteElo "1662"]
[BlackElo "814"]
[TimeControl "300"]
[EndTime "1:52:46 PDT"]
[Termination "Crowded_House won by checkmate"]

1. d4 e5 2. dxe5 Nc6 3. Nf3 Qe7 4. c3 Nxe5 5. Nxe5 Qxe5 6. Nd2 g6 7. Nf3 Qa5 8. Qd4 f6 9. e3 Bg7 10. Qe4+ Ne7 11.
Bd3 O-O 12. Bc4+ Kh8 13. Bb3 Nc6 14. O-O Qh5 15. Qh4 Ne5 16. Qxh5 gxh5 17. Nh4 Ng4 18. h3 Ne5 19. Nf5 d6 20. Nxg7 Kxg7 21. Rd1 Kh8 22.
Rd2 Rg8 23. Kf1 b6 24. Bd5 Rb8 25. b3 c6 26. Bxg8 Kxg8 27. Bb2 c5 28. c4 Nf7 29.
Bxf6 Bb7 30. Rad1 Rf8 31. Be7 Re8 32. Bxd6 Nxd6 33. Rxd6 Kg7 34. Rd7+ Kh6 35. Rxb7 a5 36.
Rdd7 h4 37. Rxh7+ Kg5 38. Rbg7+ Kf6 39. Rf7+ Ke6 40. Rb7 Kd6 41. Rxb6+ Ke5 42. Rxh4 a4 43.
Rh5+ Ke4 44. Rxc5 axb3 45. axb3 Kd3 46. Rd5+ Kc2 47. b4 Kc3 48. c5 Kc4 49. Rd1 Kc3 50. b5 Kc2 51. Rd4 Kc3 52. c6 Rc8 53. Ra6 Kb3 54. Rd6 Kb4 55. b6 Kb5 56. b7 Kxa6 57.
bxc8=Q+ Kb6 58. Qb7+ Kc5 59. Rd8 Kc4 60. c7 Kc5 61.
c8=Q# 1-0

[Event "Live Chess"]
[Site "Chess.com"]
[Date "2023.05.21"]
[Round "-"]
[White "Tushinskiy"]
[Black "domrobson"]
[Result "0-1"]
[WhiteElo "2170"]
[BlackElo "1747"]
[TimeControl "300"]
[EndTime "1:52:46 PDT"]
[Termination "domrobson won by checkmate"]

1. d4 Nf6 2. c3 d5 3. Nf3 c5 4.
Bf4 e6 5. e3 Bd6 6. Bg3 Qe7 7.
Ne5 O-O 8. f4 cxd4 9. exd4 Ne4 10. Nd2 f6 11. Nxe4 dxe4 12. Nc4 f5 13. Nxd6 Qxd6 14.
Bc4 Bd7 15. Qe2 a6 16. O-O-O b5 17. Bb3 a5 18. a3 b4 19. axb4 axb4 20. c4 Nc6 21. d5 Na5 22. Bc2 Qc5 23. b3 Nb7 24. Bf2 Qa5 25. Bd4 exd5 26. cxd5 Rfc8 27. Bb2 Nc5 28. Kb1 Qa2+ 29. Kc1 Nxb3# 0-1

[Event "Live Chess"]
[Site "Chess.com"]
[Date "2023.05.21"]
[Round "-"]
[White "EdenHazard8"]
[Black "Leonid_Starozhilov"]
[Result "1-0"]
[WhiteElo "1959"]
[BlackElo "2639"]
[TimeControl "300"]
[EndTime "1:52:50 PDT"]
[Termination "EdenHazard8 won by checkmate"]

1. e4 c5 2. Nc3 e6 3. f4 d5 4. d3 Nc6 5. Nf3 g6 6. Be2 Bg7 7. O-O Nge7 8. Qe1 Nd4 9. Nxd4 cxd4 10. Nd1 dxe4 11. dxe4 f5 12. exf5 Nxf5 13. Bc4 Qb6 14. Nf2 Ne3 15. Bb3 Nxf1 16. Qxf1 O-O 17. Bd2 Kh8 18.
Re1 Bd7 19. Nd3 Rae8 20. Ne5 Bc6 21. Qd3 Bd5 22. Qh3 Kg8 23. Nd7 Qc5 24. Nxc5 Bxb3 25.
axb3 Rf5 26. Nxe6 Bf6 27. Qd3 Kf7 28. Nxd4 Rd5 29. Rxe8 Rxd4 30. Qe3 Rd6 31. Re4 Bxb2 32. Bc3 Ba3 33. Re7+ Kf8 34. Re8+ Kf7 35. Qe7# 1-0

[Event "Live Chess"]
[Site "Chess.com"]
[Date "2023.05.21"]
[Round "-"]
[White "JoshMcK"]
[Black "RoaringKnights"]
[Result "1-0"]
[WhiteElo "1523"]
[BlackElo "1033"]
[TimeControl "300"]
[EndTime "1:53:05 PDT"]
[Termination "JoshMcK won by checkmate"]

1. e4 c6 2. d4 d5 3. e5 Bf5 4.
h4 e6 5. g4 Be4 6. f3 Bxc2 7.
Qxc2 Bb4+ 8. Bd2 Bxd2+ 9. Nxd2 Na6 10. Nb3 Nb4 11. Qc3 Na6 12. Bxa6 bxa6 13. Qxc6+ Kf8 14. Qxa6 Rc8 15. Qd6+ Qxd6 16. exd6 Rd8 17. Rc1 Rxd6 18. Ne2 Ke7 19. Nc3 Rc6 20. O-O Nf6 21. Nxd5+ Nxd5 22. Rxc6 Ne3 23. Rfc1 Nd5 24. Ra6 Rd8 25. Rxa7+ Rd7 26.
Rxd7+ Kxd7 27. Nc5+ Kd6 28. a4 Nb6 29. a5 Nc8 30. a6 Na7 31. Nb7+ Kd5 32. b4 Kxd4 33. Rc7 f5 34. gxf5 exf5 35. Rxg7 Kc4 36. Nd6+ Kxb4 37.
Rxa7 Ka5 38. Rxh7 Kb6 39. a7 Ka6 40. a8=Q+ Kb6 41. Rb7+ Kc5 42. Qc8+ Kxd6 43. Rd7+ Ke5 44. Qe8+ Kf4 45. Rd4+ Kg3 46. Qg8+ Kxf3 47. Qg2+ Ke3 48. Qf2# 1-0

[Event "Live Chess"]
[Site "Chess.com"]
[Date "2023.05.21"]
[Round "-"]
[White "Rusty_Bridges"]
[Black "Duke_of_Bebington"]
[Result "0-1"]
[WhiteElo "1514"]
[BlackElo "1597"]
[TimeControl "300"]
[EndTime "1:53:18 PDT"]
[Termination "Duke_of_Bebington won by resignation"]

1. e4 e5 2. f4 exf4 3. Nf3 d5 4. exd5 Nf6 5. Nc3 Nxd5 6. Nxd5 Qxd5 7. d3 Bd6 8. Be2 O-O 9. O-O Nc6 10. Nh4 g5 11.
Nf3 Nd4 12. c3 Nxe2+ 13. Qxe2 Bg4 14. h3 Bh5 15. Qe4 Bc5+ 16. Kh1 Qxe4 17. dxe4 Rfe8 18. Nxg5 h6 19. Nf3 Rxe4 20. b4 Be3 21. Bb2 Rae8 22. Rad1 Bxf3 23. Rxf3 R4e7 24. c4 Kh7 25. a4 Re4 26.
Rd7 R8e7 27. Rxe7 Rxe7 28. c5 Re4 29. Bc3 Rc4 30. Be5 Rxb4 31. Bxc7 Rxa4 32. g3 Ra1+ 33. Kg2 Rg1+ 34. Kh2 fxg3+ 35. Rxg3 Rxg3 36. Kxg3 Bxc5 37. Kf4 a6 38. Ke4 b5 39. Kd5 Ba3 0-1

[Event "Live Chess"]
[Site "Chess.com"]
[Date "2023.05.21"]
[Round "-"]
[White "KeithArkell"]
[Black "ChessTWSS"]
[Result "1-0"]
[WhiteElo "2508"]
[BlackElo "1560"]
[TimeControl "300"]
[EndTime "1:53:18 PDT"]
[Termination "KeithArkell won by checkmate"]

1. d4 d5 2. Nf3 Nf6 3. c4 c6 4.
Nc3 e6 5. cxd5 exd5 6. Qc2 Bd6 7. Bg5 h6 8. Bxf6 Qxf6 9. Nxd5 Qe6 10. Nc3 Nd7 11.
Qe4 Qxe4 12. Nxe4 Bb4+ 13. Nc3 Bxc3+ 14. bxc3 Nf6 15. e3 Bg4 16. Be2 Bxf3 17. Bxf3 O-O 18. Rb1 g5 19. h3 b5 20. Bxc6 Rac8 21. Bxb5 Rxc3 22. O-O Rc2 23. a4 Rfc8 24. Bd3 R2c3 25. Bf5 R8c7 26. Rb2 Ra3 27. Rb4 a5 28. Rb6 Nd7 29.
Bxd7 Rxd7 30. Rxh6 Rxa4 31. Ra6 Rc4 32. Rxa5 Rdc7 33.
Rxg5+ Kh7 34. Rc5 R7xc5 35. dxc5 Rxc5 36. g4 Kg6 37. Kg2 f5 38. Kg3 fxg4 39. hxg4 Kg5 40. Rd1 Re5 41. f4+ Kf6 42. fxe5+ Kxe5 43. g5 Kf5 44.
Rd5+ Kg6 45. Kg4 Kg7 46. Rd6 Kh7 47. g6+ Kg7 48. Kg5 Kg8 49. Kf6 Kh8 50. Rd8# 1-0

[Event "Live Chess"]
[Site "Chess.com"]
[Date "2023.05.21"]
[Round "-"]
[White "PrinceCharming_1"]
[Black "wadsy27"]
[Result "0-1"]
[WhiteElo "1614"]
[BlackElo "2569"]
[TimeControl "300"]
[EndTime "1:53:20 PDT"]
[Termination "wadsy27 won by checkmate"]

1. e4 c5 2. Nf3 e6 3. d4 cxd4 4. Nxd4 Nc6 5. Nc3 Qc7 6. Be3 a6 7. Qd2 Nf6 8. Bd3 Be7 9. O-O-O O-O 10. h4 b5 11. h5 Ng4 12. h6 g6 13. Bg5 f6 14. Be3 Nxe3 15. fxe3 Ne5 16. Nf3 Bb7 17. Nxe5 Qxe5 18. a3 b4 19. Na4 bxa3 20. c3 a2 21. Nb6 a1=Q+ 22. Bb1 Bxe4 23. Qd3 Bxd3 24. Rxd3 Bc5 25.
Nxd7 Bxe3+ 26. Kc2 Qe4 27. Nxf8 Qxg2+ 28. Kb3 Qxh1 29. Rd7 Rb8+ 30. Kc2 Qaxb1# 0-1

[Event "Live Chess"]
[Site "Chess.com"]
[Date "2023.05.21"]
[Round "-"]
[White "Cimon"]
[Black "OleksiyJr1"]
[Result "1-0"]
[WhiteElo "1841"]
[BlackElo "978"]
[TimeControl "300"]
[EndTime "1:53:26 PDT"]
[Termination "Cimon won by checkmate"]

1. Nf3 d5 2. d4 Nf6 3. c4 c6 4.
Nc3 e6 5. g3 Nbd7 6. Bg2 a6 7. cxd5 Nxd5 8. O-O N7b6 9. e4 Nxc3 10. bxc3 c5 11. Qb3 cxd4 12. cxd4 Bd6 13. Be3 Bd7 14.
Rab1 Bc7 15. d5 exd5 16. exd5 Bb5 17. Rfd1 O-O 18. Qb4 Qd6 19. Bc5 Qd8 20. d6 Bb8 21. Qd4 Ba7 22. a4 Be2 23. Rd2 Bxf3 24. Bxf3 a5 25.
Bxb6 Bxb6 26. Qxb6 Qxb6 27. Rxb6 Rab8 28. Rxb7 Rxb7 29.
Bxb7 Rd8 30. Bc6 f6 31. d7 Kf8 32. Bb5 Ke7 33. Kf1 g6 34. Rd4 f5 35. Ke2 Ke6 36.
f4 Ke7 37. Kd3 Kf6 38. Rd6+ Ke7 39. Ra6 Rxd7+ 40. Bxd7 Kxd7 41. Ra7+ Kc6 42. Rxa5 Kb6 43. Ra8 Kc5 44. Kc3 Kd5 45. Re8 Kc6 46. Kc4 Kd7 47. Rh8 Kc6 48. Rxh7 Kb6 49. Kb4 Kc6 50. Rh6 Kd5 51.
Rxg6 Ke4 52. h4 Kf3 53. h5 Kg2 54. h6 Kh3 55. h7 Kg2 56. h8=Q Kg1 57. Qd4+ Kg2 58. g4 Kh3 59. gxf5 Kh4 60. Qg1 Kh5 61. Qg5# 1-0

[Event "Live Chess"]
[Site "Chess.com"]
[Date "2023.05.21"]
[Round "-"]
[White "LiamClery2020"]
[Black "CroasArRheun"]
[Result "1-0"]
[WhiteElo "2030"]
[BlackElo "1804"]
[TimeControl "300"]
[EndTime "1:53:26 PDT"]
[Termination "LiamClery2020 won on time"]

1. e4 e5 2. Nc3 Nf6 3. f4 d5 4. fxe5 Nxe4 5. Qf3 Nc6 6. Bb5 Nxc3 7. dxc3 Qh4+ 8. g3 Qe4+ 9. Be3 Qxe5 10. O-O-O Bd6 11.
Bf4 Qe6 12. c4 Bxf4+ 13. Qxf4 dxc4 14. Bxc4 Qe7 15. Nf3 O-O 16. Rhe1 Qc5 17. Qxf7+ Rxf7 18. Re8+ Qf8 19. Rde1 Bg4 20. Rxf8+ Kxf8 21. Bxf7 Kxf7 22. Ng5+ Kg6 23. h4 h6 24. Ne6 Bxe6 25. Rxe6+ Kf5 26.
Re3 Rd8 27. c3 Kg4 28. Kc2 Rf8 29. b4 Rf2+ 30. Kb3 Rf3 31. Re6 Kxg3 32. Rg6+ Kxh4 33. Rxg7 Rg3 34. Rxc7 Kg5 35. Rxb7 h5 36. Rc7 Nd4+ 37.
Ka4 Ne6 38. Rc6 Nf4 39. Rc5+ Kg4 40. Rc7 h4 41. Rg7+ Kf3 42. Rxa7 h3 43. Rh7 Rg4 44. b5 Kg3 45. b6 h2 46. b7 Rh4 47. Rxh4 Kxh4 48. b8=Q h1=Q 49. Qxf4+ Kh5 50. Qf7+ Kg5 51. Qe7+ Kf5 52. Qc5+ Kf4 53. Qf2+ 1-0

[Event "Live Chess"]
[Site "Chess.com"]
[Date "2023.05.21"]
[Round "-"]
[White "Pablo_dmp"]
[Black "Biranidun"]
[Result "0-1"]
[WhiteElo "1854"]
[BlackElo "2546"]
[TimeControl "300"]
[EndTime "1:53:26 PDT"]
[Termination "Biranidun won by resignation"]

1. e4 c5 2. d4 cxd4 3. c3 dxc3 4.
Nxc3 Nc6 5. Nf3 e6 6. Bc4 Bb4 7. Bg5 Nge7 8. O-O O-O 9. Nb5 f6 10. Bf4 Ng6 11. Bd6 Bxd6 12. Qxd6 Qe7 13. Rfd1 a6 14. Nc7 Qxd6 15. Rxd6 Ra7 16. Rad1 b5 17. Bxe6+ dxe6 18. Rxc6 e5 19. Nd5 Bg4 20. Rc3 Kf7 21. h3 Be6 22. Kf1 Rd8 23. Ke2 Bxd5 24. exd5 Nf4+ 25.
Kf1 Nxd5 26. Rcd3 Rad7 27. Ne1 Ke6 28. Ke2 Nf4+ 0-1

[Event "Live Chess"]
[Site "Chess.com"]
[Date "2023.05.21"]
[Round "-"]
[White "jagbama"]
[Black "Ferrarifan27"]
[Result "0-1"]
[WhiteElo "1164"]
[BlackElo "2094"]
[TimeControl "300"]
[EndTime "1:53:26 PDT"]
[Termination "Ferrarifan27 won by resignation"]

1. e4 e5 2. Nf3 Nc6 3. Bc4 Nd4 4.
Nc3 Nxf3+ 5. Qxf3 Nf6 6. d3 Be7 7. Bg5 O-O 8. Qg3 Nh5 9. Bxe7 Nxg3 10. Bxd8 Nxh1 11. Bh4 Kh8 12. O-O-O g5 13. Bxg5 Nxf2 14. Rf1 Ng4 15. h3 h6 16. hxg4 hxg5 17. Bxf7 Kg7 18.
Nd5 Rxf7 19. Rxf7+ Kxf7 20. Nxc7 Rb8 21. Kd2 d6 22. Kc3 Bxg4 23. g3 Rc8 24. Kb4 Rxc7 0-1

[Event "Live Chess"]
[Site "Chess.com"]
[Date "2023.05.21"]
[Round "-"]
[White "Long1968"]
[Black "Shepherds_Pie"]
[Result "0-1"]
[WhiteElo "982"]
[BlackElo "1926"]
[TimeControl "300"]
[EndTime "1:53:28 PDT"]
[Termination "Shepherds_Pie won on time"]

1. e4 e6 2. d4 d5 3. Nc3 Bb4 4. e5 c5 5. Bd2 Nc6 6. Nb5 Bxd2+ 7. Qxd2 Nxd4 8. Nxd4 cxd4 9. Qxd4 Ne7 10. Nf3 Nc6 11. Bb5 Bd7 12. Bxc6 bxc6 13. O-O O-O 14. h4 Qc7 15. b4 f6 16. exf6 Rxf6 17. Ne5 Be8 18. Rfe1 Bg6 19. c3 Raf8 20. Ng4 Rf4 21. Qd1 Bh5 22. f3 Qe7 23. Re5 Bxg4 24. fxg4 Qxh4 25.
Rxe6 Rxg4 26. Re2 h5 27. Qd2 Qf6 28. Qc2 Rg3 29. Rf2 Qxf2+ 30. Qxf2 Rxf2 31. Kxf2 Rxc3 32. Rb1 Rc2+ 33. Kf3 Rxa2 34. b5 c5 35. Rc1 c4 36.
Rd1 Ra3+ 0-1

[Event "Live Chess"]
[Site "Chess.com"]
[Date "2023.05.21"]
[Round "-"]
[White "WelshTiger"]
[Black "Denz14"]
[Result "1-0"]
[WhiteElo "2349"]
[BlackElo "1046"]
[TimeControl "300"]
[EndTime "1:53:31 PDT"]
[Termination "WelshTiger won by resignation"]

1. e4 d5 2. exd5 Qxd5 3. Nc3 Qd8 4. Be2 Nf6 5. Nf3 Bg4 6. h3 Bxf3 7. Bxf3 c6 8. d3 e6 9. O-O Nbd7 10. d4 Bd6 11. Re1 O-O 12. Qe2 Bb8 13. g3 Qc7 14. Bf4 Qc8 15. Bg5 h6 16. Bxf6 Nxf6 17. Ne4 Qd8 18. Rad1 Nd5 19. c4 Nf6 20. Nc5 Qe7 21.
b4 Bd6 22. a3 Bxc5 23. dxc5 Rfc8 24. Rd6 Rd8 25. Red1 Ne8 26. Qd3 Nxd6 27. cxd6 Qd7 28. c5 b6 29. Qe4 Rac8 30. Rd2 f5 31. Qd4 b5 32. Bd1 Kf7 33. Bb3 a5 34. Re2 Re8 35. Qe5 a4 36. Qxf5+ Kg8 37. Bxe6+ 1-0

[Event "Live Chess"]
[Site "Chess.com"]
[Date "2023.05.21"]
[Round "-"]
[White "Mikhail_Golubev"]
[Black "AbilifyXL"]
[Result "1-0"]
[WhiteElo "2467"]
[BlackElo "1947"]
[TimeControl "300"]
[EndTime "1:53:42 PDT"]
[Termination "Mikhail_Golubev won by resignation"]

1. e4 d5 2. e5 c5 3. f4 Nc6 4. Nf3 Bg4 5. Be2 e6 6. d3 Nge7 7. c3 Nf5 8. O-O Be7 9. Na3 O-O 10. Nc2 Rc8 11. Nfe1 Bxe2 12. Qxe2 d4 13. c4 a6 14. g4 Nh4 15. Ng2 Nxg2 16. Qxg2 b5 17. b3 f6 18. exf6 Bxf6 19. Bd2 e5 20. f5 Bg5 21. Bxg5 Qxg5 22. Rae1 bxc4 23. bxc4 a5 24. Re4 Rb8 25. Re2 Rf6 26.
Ne1 Rb1 27. h4 Qxh4 28. Nf3 Rxf1+ 29. Kxf1 Qh6 30. g5 1-0

[Event "Live Chess"]
[Site "Chess.com"]
[Date "2023.05.21"]
[Round "-"]
[White "TKDRyan"]
[Black "smoggyrabbit"]
[Result "0-1"]
[WhiteElo "1136"]
[BlackElo "1708"]
[TimeControl "300"]
[EndTime "1:53:56 PDT"]
[Termination "smoggyrabbit won by resignation"]

1. e4 e6 2. Nf3 d5 3. e5 c5 4. d4 Nc6 5. Be3 Nge7 6. Bb5 Bd7 7. dxc5 Nxe5 8. Nxe5 Bxb5 9. Nc3 Bd7 10. Qf3 f6 11.
Nxd7 Qxd7 12. O-O Nc6 13. Nb5 a6 14. Nd6+ Bxd6 15. cxd6 Qxd6 16. Bf4 e5 17. Rfe1 O-O 18. Bg3 Nd4 19. Qc3 Nb5 20. Qb3 Rac8 21. Rad1 Rfd8 22. c3 Kh8 23. h3 Qc6 24. a4 Nc7 25. Kh1 Ne6 26. h4 Nc5 27. Qc2 Qxa4 28. Qb1 Ne4 29. Rxe4 dxe4 30. Rxd8+ Rxd8 31. b3 Qc6 32. c4 Rd3 33. f3 Qd7 34. Kh2 exf3 35. gxf3 Rd2+ 36.
Bf2 Rxf2+ 37. Kg3 Rd2 38. Qe4 Qd4 39. Qxb7 Qg1+ 0-1

[Event "Live Chess"]
[Site "Chess.com"]
[Date "2023.05.21"]
[Round "-"]
[White "FailsGambits"]
[Black "Bot_Boy"]
[Result "1-0"]
[WhiteElo "1335"]
[BlackElo "334"]
[TimeControl "300"]
[EndTime "1:54:10 PDT"]
[Termination "FailsGambits won on time"]

1. e4 Nc6 2. d4 e5 3. dxe5 Nxe5 4. Nc3 c6 5. Bf4 Ng6 6. Bg3 d6 7. Bc4 f6 8. Nf3 Ne5 9. Nxe5 dxe5 10. Bf7+ Ke7 11.
Qxd8+ Kxd8 12. O-O-O+ Bd7 13. Be6 Kc7 14. Rxd7+ Kb6 15.
Na4+ Ka6 16. f3 b5 17. Nc3 Bc5 18. a4 b4 19. Na2 Be3+ 20. Kb1 Re8 21. Bc4+ Kb6 22.
Nxb4 Kc5 23. Bxg8 Rhxg8 24. Nd3+ Kb6 25. Re1 Bd4 26. c3 Bc5 27. Nxc5 Kxc5 28. Rxa7 Rb8 29. b4+ Kc4 30. Rc1 c5 31. Rc7 Rgd8 32. Rxc5+ 1-0

[Event "Live Chess"]
[Site "Chess.com"]
[Date "2023.05.21"]
[Round "-"]
[White "JoeyCage"]
[Black "raminguy"]
[Result "1-0"]
[WhiteElo "2305"]
[BlackElo "1968"]
[TimeControl "300"]
[EndTime "1:54:10 PDT"]
[Termination "JoeyCage won on time"]

1. e4 e5 2. Nf3 Nc6 3. Bb5 Nf6 4.
O-O Nxe4 5. d4 Be7 6. dxe5 O-O 7. c4 d6 8. Re1 Nc5 9. exd6 Bxd6 10. Nc3 Bg4 11.
Bxc6 bxc6 12. h3 Bh5 13. Be3 Ne6 14. Ne4 Re8 15. Ng3 Bg6 16. Nd4 Nxd4 17. Qxd4 c5 18.
Qd2 Qh4 19. b3 Bxg3 20. fxg3 Qxg3 21. Bf4 Qh4 22. Bxc7 a6 23. Qf2 Qg5 24. Qf4 Qh5 25. Bd6 f6 26. Qf2 Rec8 27. Re7 Bf7 28. Rae1 a5 29.
Rc7 a4 30. Rxc5 Rxc5 31. Qxc5 Qg6 32. Qe3 axb3 33. axb3 Qc2 34. Re2 Qb1+ 35. Re1 Qc2 36. Be7 Ra2 37. Qg3 h5 38. h4 Qd2 39. Rf1 Qd4+ 40. Kh2 1-0

[Event "Live Chess"]
[Site "Chess.com"]
[Date "2023.05.21"]
[Round "-"]
[White "OleksiyJr1"]
[Black "LiamClery2020"]
[Result "0-1"]
[WhiteElo "978"]
[BlackElo "2030"]
[TimeControl "300"]
[EndTime "1:54:28 PDT"]
[Termination "LiamClery2020 won by checkmate"]

1. e4 Nf6 2. Nc3 e5 3. Nf3 Nc6 4.
Bc4 Nxe4 5. Nxe4 d5 6. Bxd5 Qxd5 7. Nc3 Qa5 8. d3 Bg4 9. O-O Nd4 10. h3 Nxf3+ 11.
gxf3 Bxh3 12. d4 Qa6 13. dxe5 Qg6+ 14. Kh2 Qg2# 0-1

[Event "Live Chess"]
[Site "Chess.com"]
[Date "2023.05.21"]
[Round "-"]
[White "MarkLim1"]
[Black "Hacker_2009"]
[Result "0-1"]
[WhiteElo "1722"]
[BlackElo "1912"]
[TimeControl "300"]
[EndTime "1:54:41 PDT"]
[Termination "Hacker_2009 won by resignation"]

1. d4 Nf6 2. Nf3 e6 3. e3 d5 4.
Bd3 c5 5. b3 b6 6. Bb2 Bb7 7. O-O Nc6 8. Ne5 Rc8 9. Nd2 Be7 10. f4 O-O 11. Qf3 cxd4 12. exd4 Nb4 13. c4 Nxd3 14. Qxd3 dxc4 15. bxc4 Qc7 16. a4 Rfd8 17.
a5 bxa5 18. Bc3 Bb4 19. Bxb4 axb4 20. Rxa7 Qb6 21. Rxb7 Qxb7 22. f5 exf5 23. Rxf5 Rb8 24. Nb3 Qa7 25. Nc6 Qd7 26. Nxb8 Rxb8 27. Re5 Rd8 28. h3 Qd6 29. Re1 h6 30. d5 Ra8 31.
Rd1 Rd8 32. Nd4 Qc5 33. Kh1 Nd7 34. Nb3 Qf2 35. c5 Nxc5 36. Nxc5 Qxc5 37. Rb1 Rxd5 38.
Qa6 Qd6 39. Qc8+ Kh7 40. Qc2+ g6 41. Qe4 Rd1+ 42. Rxd1 Qxd1+ 43. Kh2 Qb3 0-1